AAA
EVANSVILLE TRIPLETS @ ROUND ROCK EXPRESS
08/13/2052
 
TOP OF THE 1ST
Sacramento River Cats batting - Pitching for Nashville Sounds : RHP Ronald Athena
Pitching: RHP Ronald Athena
Batting: RHB Rich Putrino 0-0: Ball
1-0: Called Strike
1-1: Swinging Strike
1-2: Foul Ball, location: 2F
1-2: Fly out, F1 (Line Drive, P, EV 68.8 MPH)
Batting: RHB Matt Campbell 0-0: Called Strike
0-1: Ball
1-1: Called Strike
1-2: Strikes out swinging
Batting: LHB Alex Moran 0-0: Called Strike
0-1: Ball
1-1: Foul Ball, location: 2F
1-2: Strikes out looking
Top of the 1st over - 0 runs, 0 hits, 0 errors, 0 left on base; Sacramento 0 - Nashville 0
BOTTOM OF THE 1ST
Nashville Sounds batting - Pitching for Sacramento River Cats : RHP Victor Rodriguez
Pitching: RHP Victor Rodriguez
Batting: RHB Gabe Martens 0-0: Called Strike
0-1: Ball
1-1: Ball
2-1: Foul Ball, location: 2F
2-2: Strikes out swinging
Batting: RHB Kevin Moseley 0-0: Called Strike
0-1: Called Strike
0-2: Ground out 3-1 (Groundball, 34S, EV 91.2 MPH)
Batting: LHB Dylan Elmore 0-0: Called Strike
0-1: Ball
1-1: Called Strike
1-2: Ball
2-2: Strikes out swinging
Bottom of the 1st over - 0 runs, 0 hits, 0 errors, 0 left on base; Sacramento 0 - Nashville 0
TOP OF THE 2ND
Sacramento River Cats batting - Pitching for Nashville Sounds : RHP Ronald Athena
Batting: SHB Carlo Bernoldi 0-0: Called Strike
0-1: Foul Ball, location: 2F
0-2: SINGLE (Groundball, 34D, EV 101.2 MPH)
Batting: RHB Victor Zucker 0-0: Called Strike
0-1: Foul Ball, location: 2F
0-2: Strikes out swinging
Batting: LHB Alexander Wolfe 0-0: Called Strike
0-1: Ball
1-1: Ball
2-1: Ball
3-1: Fly out, F6 (Popup, 56, EV 58.1 MPH)
Batting: RHB Mário Ortiz 0-0: Swinging Strike
0-1: Fly out, F4 (Popup, 13S, EV 89.4 MPH)
Top of the 2nd over - 0 runs, 1 hit, 0 errors, 1 left on base; Sacramento 0 - Nashville 0
BOTTOM OF THE 2ND
Nashville Sounds batting - Pitching for Sacramento River Cats : RHP Victor Rodriguez
Batting: RHB Tony Castellanos 0-0: Ball
1-0: Ball
2-0: Called Strike
2-1: Called Strike
2-2: Strikes out swinging
Batting: LHB Ben Lewis 0-0: Foul Ball, location: 2F
0-1: Ball
1-1: Called Strike
1-2: Foul Ball, location: 2F
1-2: Strikes out swinging
Batting: RHB Tory Lee 0-0: Ground out 5-3 (Groundball, 5, EV 89.4 MPH)
Bottom of the 2nd over - 0 runs, 0 hits, 0 errors, 0 left on base; Sacramento 0 - Nashville 0
TOP OF THE 3RD
Sacramento River Cats batting - Pitching for Nashville Sounds : RHP Ronald Athena
Batting: SHB Sandy Morado 0-0: Ball
1-0: Swinging Strike
1-1: Ball
2-1: Ball
3-1: Fly out, F9 (Line Drive, 9, EV 85.6 MPH)
Batting: RHB Jim Jones 0-0: Called Strike
0-1: Ball
1-1: Ground out 4-3 (Groundball, 4, EV 79.4 MPH)
Batting: RHB Rich Putrino 0-0: Ball
1-0: Foul Ball, location: 2F
1-1: Ball
2-1: Ground out 4-3 (Groundball, 4, EV 81.9 MPH)
Top of the 3rd over - 0 runs, 0 hits, 0 errors, 0 left on base; Sacramento 0 - Nashville 0
BOTTOM OF THE 3RD
Nashville Sounds batting - Pitching for Sacramento River Cats : RHP Victor Rodriguez
Batting: LHB Paul Whitehouse 0-0: Ball
1-0: Ball
2-0: DOUBLE (Line Drive, 78XD, EV 105.6 MPH)
Batting: SHB Syd Cooke 0-0: Ball
1-0: Foul Ball, location: 2F
1-1: Ground out U3 (Groundball, 3, EV 85.6 MPH)
Paul Whitehouse to third
Batting: RHB Jaden Robertson 0-0: Ball
1-0: Ball
2-0: Swinging Strike
2-1: Swinging Strike
2-2: Strikes out swinging
Batting: RHB Gabe Martens 0-0: Fly out, F9 (Flyball, 9LS, EV 83.1 MPH)
Bottom of the 3rd over - 0 runs, 1 hit, 0 errors, 1 left on base; Sacramento 0 - Nashville 0
TOP OF THE 4TH
Sacramento River Cats batting - Pitching for Nashville Sounds : RHP Ronald Athena
Batting: RHB Matt Campbell 0-0: Ball
1-0: Fly out, F4 (Line Drive, 4, EV 61.9 MPH)
Batting: LHB Alex Moran 0-0: Called Strike
0-1: Ball
1-1: Foul Ball, location: 2F
1-2: Ball
2-2: Ball
3-2: Base on Balls
Batting: SHB Carlo Bernoldi 0-0: Ball
1-0: Foul Ball, location: 2F
1-1: Swinging Strike
1-2: Ball
2-2: Strikes out swinging
Batting: RHB Victor Zucker 0-0: Ball
1-0: Called Strike
1-1: Foul Ball, location: 2F
1-2: SINGLE (Groundball, 13, EV 81.2 MPH) (infield hit)
Alex Moran to second
Batting: LHB Alexander Wolfe 0-0: Called Strike
0-1: Called Strike
0-2: Ball
1-2: SINGLE (Line Drive, 89S, EV 104.4 MPH)
Alex Moran to third
Victor Zucker to second
Runner from 3rd tries for Home, SAFE, throw by RF to home
Batting: RHB Mário Ortiz 0-0: Swinging Strike
0-1: Called Strike
0-2: Ground out U3 (Groundball, 3S, EV 84.4 MPH)
Top of the 4th over - 1 run, 2 hits, 0 errors, 2 left on base; Sacramento 1 - Nashville 0
BOTTOM OF THE 4TH
Nashville Sounds batting - Pitching for Sacramento River Cats : RHP Victor Rodriguez
Batting: RHB Kevin Moseley 0-0: Called Strike
0-1: Fly out, F5 (Popup, 25, EV 81.2 MPH)
Batting: LHB Dylan Elmore 0-0: Swinging Strike
0-1: Called Strike
0-2: Strikes out swinging
Batting: RHB Tony Castellanos 0-0: Foul Ball, location: 2F
0-1: Swinging Strike
0-2: Strikes out swinging
Bottom of the 4th over - 0 runs, 0 hits, 0 errors, 0 left on base; Sacramento 1 - Nashville 0
TOP OF THE 5TH
Sacramento River Cats batting - Pitching for Nashville Sounds : RHP Ronald Athena
Batting: SHB Sandy Morado 0-0: Ball
1-0: Called Strike
1-1: Foul Ball, location: 2F
1-2: Ball
2-2: Ball
3-2: Base on Balls
Batting: RHB Jim Jones 0-0: Bunt missed!
0-1: Sac Bunt to 15 - play at first, batter OUT! 1-4
Sandy Morado to second
Batting: RHB Rich Putrino 0-0: Fly out, F8 (Flyball, 8LD, EV 88.8 MPH)
Batting: RHB Matt Campbell 0-0: Swinging Strike
0-1: Called Strike
0-2: Strikes out swinging
Top of the 5th over - 0 runs, 0 hits, 0 errors, 1 left on base; Sacramento 1 - Nashville 0
BOTTOM OF THE 5TH
Nashville Sounds batting - Pitching for Sacramento River Cats : RHP Victor Rodriguez
Batting: LHB Ben Lewis 0-0: Called Strike
0-1: Foul Ball, location: 2F
0-2: Foul Ball, location: 2F
0-2: SINGLE (Line Drive, 9S, EV 94.4 MPH)
Batting: RHB Tory Lee 0-0: Bunted foul
0-1: Ball
1-1: Sac Bunt to 15S - play at first, batter OUT! 1-4
Ben Lewis to second
Batting: LHB Paul Whitehouse 0-0: Swinging Strike
0-1: Ball
1-1: 2-RUN HOME RUN (Flyball, 8RXD, EV 107.5 MPH), Distance : 427 ft
Batting: SHB Syd Cooke 0-0: Ball
1-0: Called Strike
1-1: SINGLE (Groundball, 6M, EV 97.5 MPH)
Batting: RHB Jaden Robertson 0-0: Called Strike
0-1: Grounds into double play, 5-4-3 (Groundball, 56, EV 99.4 MPH)
Bottom of the 5th over - 2 runs, 3 hits, 0 errors, 0 left on base; Sacramento 1 - Nashville 2
TOP OF THE 6TH
Sacramento River Cats batting - Pitching for Nashville Sounds : RHP Ronald Athena
Batting: LHB Alex Moran 0-0: Ball
1-0: Ball
2-0: SINGLE (Line Drive, 89M, EV 101.9 MPH)
Batting: SHB Carlo Bernoldi 0-0: Called Strike
0-1: Ball
1-1: Ball
2-1: Ball
3-1: Foul Ball, location: 2F
3-2: Foul Ball, location: 2F
3-2: Base on Balls
Alex Moran to second
Batting: RHB Victor Zucker 0-0: Ball
1-0: Foul Ball, location: 2F
1-1: SINGLE (Flyball, 4D, EV 98.8 MPH)
Alex Moran to third
Carlo Bernoldi to second
Batting: LHB Alexander Wolfe 0-0: Ball
1-0: Ball
2-0: Called Strike
2-1: Foul Ball, location: 2F
2-2: Fly out, F9 (Flyball, 9, EV 93.8 MPH)
Batting: RHB Mário Ortiz 0-0: Ball
1-0: Grounds into double play, 6-2-3 (Groundball, 6, EV 88.1 MPH)
Top of the 6th over - 0 runs, 2 hits, 0 errors, 2 left on base; Sacramento 1 - Nashville 2
BOTTOM OF THE 6TH
Nashville Sounds batting - Pitching for Sacramento River Cats : RHP Victor Rodriguez
Batting: RHB Gabe Martens 0-0: Fly out, F8 (Line Drive, 8RM, EV 102.5 MPH)
Batting: RHB Kevin Moseley 0-0: Ball
1-0: Fly out, F7 (Flyball, 78S, EV 96.9 MPH)
Batting: LHB Dylan Elmore 0-0: Fly out, F7 (Flyball, 7S, EV 88.8 MPH)
Bottom of the 6th over - 0 runs, 0 hits, 0 errors, 0 left on base; Sacramento 1 - Nashville 2
TOP OF THE 7TH
Sacramento River Cats batting - Pitching for Nashville Sounds : RHP Ronald Athena
Batting: SHB Sandy Morado 0-0: Ball
1-0: Reached on error, E5 (Groundball, 5, EV 88.1 MPH)
Batting: RHB Jim Jones 0-0: Bunted foul
0-1: Sac Bunt to 13S - play at first, batter OUT! 1-4
Sandy Morado to second
Pinch Hitting: LHB Zane Towne 0-0: Swinging Strike
0-1: Ball
1-1: Ground out 4-3 (Groundball, 4, EV 81.2 MPH)
Sandy Morado to third
Batting: RHB Matt Campbell 0-0: Called Strike
0-1: Called Strike
0-2: Ball
1-2: Ball
2-2: Foul Ball, location: 2F
2-2: Ball
3-2: Foul Ball, location: 2F
3-2: Ground out 5-3 (Groundball, 56S, EV 61.9 MPH)
Top of the 7th over - 0 runs, 0 hits, 1 error, 1 left on base; Sacramento 1 - Nashville 2
BOTTOM OF THE 7TH
Nashville Sounds batting - Pitching for Sacramento River Cats : RHP Victor Rodriguez
Now in LF: Roderick Luong
Now in CF: Sandy Morado
Batting: RHB Tony Castellanos 0-0: Ball
1-0: Ball
2-0: Fly out, F7 (Flyball, 7, EV 86.2 MPH)
Batting: LHB Ben Lewis 0-0: Ball
1-0: Ball
2-0: Ground out U3 (Groundball, 3L, EV 84.4 MPH)
Batting: RHB Tory Lee 0-0: Called Strike
0-1: Ball
1-1: Foul Ball, location: 2F
1-2: Strikes out swinging
Bottom of the 7th over - 0 runs, 0 hits, 0 errors, 0 left on base; Sacramento 1 - Nashville 2
TOP OF THE 8TH
Sacramento River Cats batting - Pitching for Nashville Sounds : RHP Ronald Athena
Pitching: RHP Jesus Trejo
Batting: LHB Alex Moran 0-0: Swinging Strike
0-1: Ball
1-1: Ball
2-1: Foul Ball, location: 2F
2-2: Fly out, F8 (Flyball, 8RXD, EV 103.8 MPH)
Batting: SHB Carlo Bernoldi 0-0: Called Strike
0-1: Ground out 4-3 (Groundball, 34, EV 105.0 MPH)
Batting: RHB Victor Zucker 0-0: Ball
1-0: Swinging Strike
1-1: Foul Ball, location: 2F
1-2: Ball
2-2: Fly out, F4 (Flyball, 3D, EV 88.8 MPH)
Top of the 8th over - 0 runs, 0 hits, 0 errors, 0 left on base; Sacramento 1 - Nashville 2
BOTTOM OF THE 8TH
Nashville Sounds batting - Pitching for Sacramento River Cats : RHP Victor Rodriguez
Batting: LHB Paul Whitehouse 0-0: Called Strike
0-1: Ball
1-1: Ball
2-1: Ball
3-1: Called Strike
3-2: Foul Ball, location: 2F
3-2: Base on Balls
Batting: SHB Syd Cooke 0-0: Sac Bunt to 2R - play at first, batter OUT! 2-4
Paul Whitehouse to second
Batting: RHB Jaden Robertson 0-0: Ball
1-0: Called Strike
1-1: Called Strike
1-2: Foul Ball, location: 2F
1-2: Ball
2-2: Fly out, F8 (Flyball, 8LS, EV 94.4 MPH)
Batting: RHB Gabe Martens 0-0: Intentional Walk
Batting: RHB Kevin Moseley 0-0: Ball
1-0: Called Strike
1-1: Foul Ball, location: 2F
1-2: Ball
2-2: Ground out 1-3 (Groundball, 15S, EV 75.6 MPH)
Bottom of the 8th over - 0 runs, 0 hits, 0 errors, 2 left on base; Sacramento 1 - Nashville 2
TOP OF THE 9TH
Sacramento River Cats batting - Pitching for Nashville Sounds : RHP Jesus Trejo
Pitching: RHP Jonathan McEntee
Batting: LHB Alexander Wolfe 0-0: Ball
1-0: Swinging Strike
1-1: Called Strike
1-2: Ball
2-2: Foul Ball, location: 2F
2-2: Strikes out swinging
Batting: RHB Mário Ortiz 0-0: Called Strike
0-1: Ball
1-1: Ball
2-1: Ball
3-1: Called Strike
3-2: Ground out 5-3 (Groundball, 5L, EV 101.9 MPH)
Batting: SHB Sandy Morado 0-0: Swinging Strike
0-1: Fly out, F9 (Flyball, 9S, EV 93.1 MPH)
Top of the 9th over - 0 runs, 0 hits, 0 errors, 0 left on base; Sacramento 1 - Nashville 2
Friday, May 3rd , 2024 - OOTP Baseball 24.11 Build 85